 Dungeon Crawl Stone Soup version 0.27-a0-1140-g099f9bb0e8 (webtiles) character file.

Game seed: 5688237642949107300

1441 CurlyBrace the Scratcher (level 8, 0/39 HPs)
             Began as a Felid Ice Elementalist on May 10, 2021.
             Was a Believer of Cheibriados.
             Slain by a gnoll sergeant
             ... wielding a +0 bardiche
              (20 damage)
             ... in a bailey.
             The game lasted 00:37:52 (2789 turns).

CurlyBrace the Scratcher (Felid Ice Elementalist)   Turns: 2789, Time: 00:37:53

Health: 0/39       AC:  9    Str: 10    XL:     8   Next: 46%
Magic:  0/15       EV: 22    Int: 23    God:    Cheibriados [**....]
Gold:   783        SH:  0    Dex: 21    Spells: 8/15 levels left
                                        Lives:  0   Deaths: 2

rFire    . . .     SeeInvis +     - Unarmed
rCold    . . .     Faith    +   (shield unavailable)
rNeg     . . .     Spirit   .   (armour unavailable)
rPois    .         Reflect  .   (helmet unavailable)
rElec    .         Harm     .   (cloak unavailable)
rCorr    .         Rampage  .   (gloves unavailable)
Will     +....                  (boots unavailable)
Stlth    ++++......             f - amulet of faith
HPRegen  0.13/turn              (no ring)
MPRegen  0.14/turn              (no ring)

@: ice-armoured, very slow
A: very small, claws 1, fangs 3, see invisible, speed 1, shaggy fur 2, stealthy
paws, no weapons or thrown items, no armour, multi-lived
a: Renounce Religion, Bend Time


You were in a bailey.
You worshipped Cheibriados.
Cheibriados was pleased with you.
You visited 2 branches of the dungeon, and saw 10 of its levels.
You also visited: Sewer and Bailey.

You collected 822 gold pieces.
You spent 39 gold pieces at shops.

Inventory:

Jewellery
 f - an amulet of faith (around neck)
   (You found it on level 6 of the Dungeon)
Wands
 d - a wand of flame (16)
   (You found it on level 7 of the Dungeon)
Potions
 b - a potion of attraction


   Skills:
 * Level 6.9 Fighting
 + Level 6.6 Dodging
 + Level 6.8 Stealth
 * Level 6.9 Unarmed Combat
 - Level 4.0 Spellcasting
 - Level 5.0 Ice Magic
 - Level 2.0 Evocations


You had 8 spell levels left.
You knew the following spells:

 Your Spells              Type           Power      Damage    Failure   Level
a - Freeze                Ice            100%       1d11      1%          1
b - Frozen Ramparts       Ice            54%        1d7       4%          3
c - Ozocubu's Armour      Ice            27%        N/A       4%          3

Your spell library contained the following spells:

 Spells                   Type           Power      Damage    Failure   Level
 Beastly Appendage        Tmut           8%         N/A       11%         1
 Wereblood                Tmut           4%         N/A       16%         2
 Spider Form              Tmut/Pois      2%         N/A       30%         3
 Hailstorm                Conj/Ice       16%        3d6       36%         4
 Ice Form                 Ice/Tmut       16%        N/A       36%         4
 Metabolic Englaciation   Hex/Ice        8%         N/A       71%         5
 Hydra Form               Tmut           2%         N/A       96%         5


Dungeon Overview and Level Annotations

Branches:
Dungeon (9/15)             Temple (1/1) D:6           Sewer (visited)
 Bailey (1/1)
   Lair: D:8-11         Orc: D:9-12

Altars:
Ashenzari
Cheibriados
Dithmenos
Elyvilon
Fedhas
Hepliaklqana
Kikubaaqudgha
Makhleb
Nemelex Xobeh
Okawaru
Ru
Sif Muna
Trog
Uskayaw
Vehumet
Wu Jian
Xom
Yredelemnul
The Shining One

Shops:
D:4 [   D:5 *(   D:7 (

Annotations:
D:6 1 runed translucent door, exclusion: upstairs


Innate Abilities, Weirdness & Mutations

You have sharp claws.
You have razor-sharp teeth.
You have supernaturally acute eyesight. (SInv)
You cover ground quickly. (Speed+)
You are covered in thick fur. (AC +2)
Your paws help you pounce on unaware monsters.
You are incapable of wielding weapons or throwing items.
You cannot wear armour.
You gain extra lives every three experience levels.


Message History

You struggle against the net.
You struggle against the net.
Casting: Freeze (safe; 1% risk of failure)
Confirm with . or Enter, or press ? or * to list all spells.
A film of ice covers your body!
The gnoll hits you from afar with a +0 trident.
The gnoll sergeant misses you.
Casting: Ozocubu's Armour (dangerous; 4% risk of failure)
Confirm with . or Enter, or press ? or * to list all spells.
You don't have enough magic to cast this spell.
Unknown command.
Unknown command.
You struggle against the net.
The gnoll barely misses you. The gnoll sergeant barely misses you.
You struggle against the net.
The gnoll hits you from afar with a +0 trident!
* * * LOW HITPOINT WARNING * * *
The gnoll sergeant closely misses you.
You rip the net and break free!
The gnoll completely misses you. The gnoll sergeant barely misses you.
Your icy armour will break if you move.
Continue?
Your icy armour cracks and falls away as you move.
You feel better.
Casting: Ozocubu's Armour (dangerous; 4% risk of failure)
Confirm with . or Enter, or press ? or * to list all spells.
A film of ice covers your body! The gnoll sergeant closely misses you.
Aiming: Throw Flame
Press: ? - help, Shift-Dir - straight line, f - gnoll sergeant
Aim: a gnoll sergeant, wielding a +0 bardiche and wearing a +0 chain mail (83% to hit)
The puff of flame hits the gnoll sergeant.
The gnoll sergeant is moderately wounded.
The gnoll sergeant completely misses you.
Aiming: Throw Flame
Press: ? - help, Shift-Dir - straight line, f - gnoll, p - gnoll sergeant
Aim: a gnoll, wielding a +0 trident and wearing a +0 chain mail (83% to hit)
The puff of flame hits the gnoll sergeant but does no damage.
The gnoll sergeant is moderately wounded.
The gnoll sergeant hits you with a +0 bardiche!!
Ouch! That really hurt!
You die...

♣♣≈≈≈≈≈≈ ≈≈≈≈≈≈≈≈≈≈≈♣
♣≈≈...####### ####..)≈≈
♣≈...##.8...# ..8.###..≈
♣≈..##......#.....# #..≈
♣≈..#.......'..g..# #..≈
♣≈..#...g.#####..g# #..≈
♣≈..#...g##...## gg #..≈
♣≈..##g###.....######..≈
♣≈.....@#).....[#).)'...
♣≈.....[))..8..)')(.'...
♣≈..(.))#(......#)).'[..
♣≈..##'###.....######..≈
♣≈.)#.)..##...##..'.#..≈
♣≈..#)....#####...#[#..≈
♣≈..#.............#.#..≈
♣≈..##............#)#..≈
♣≈...##.8.......8.###..≈


You could see a gnoll sergeant.

Vanquished Creatures
  Pikel (D:7)
  Prince Ribbit (D:7)
  2 wyverns
  A water moccasin (D:7)
  Duvessa (D:7)
  A sky beast (D:8)
  A necrophage (D:5)
  An orc warrior (D:6)
  A phantom (D:5)
  A lemure (D:7)
  A kobold brigand (D:9)
  A bullfrog (Temple)
  6 gnoll sergeants (Bailey)
  A wyvern zombie (D:7)
  A scorpion (D:4)
  A water moccasin zombie (D:6)
  Dowan (D:7)
  6 hounds
  A bullfrog zombie (D:5)
  2 centaur skeletons
  5 gnoll shamans (Bailey)
  2 iguanas
  2 killer bee zombies (D:7)
  A hound skeleton (D:4)
  3 adders
  13 gnolls (Bailey)
  A shadow imp (D:7)
  A white imp (D:7)
  An orc (D:6)
  An endoplasm (D:4)
  A giant cockroach (D:4)
  A goblin (D:4)
  A hobgoblin (D:4)
  10 jackals
  11 kobolds
  2 quokkas (D:4)
  3 ball pythons (Sewer)
  4 frilled lizards (Sewer)
95 creatures vanquished.

Vanquished Creatures (others)
  18 plants (Sewer)
18 creatures vanquished.

Grand Total: 113 creatures vanquished

Notes
Turn   | Place    | Note
-------+----------+-------------------------------------------
     0 | D:1      | CurlyBrace the Felid Ice Elementalist began the quest for
                  | the Orb.
     0 | D:1      | Reached XP level 1. HP: 7/7 MP: 4/4
   142 | D:5      | Entered Level 5 of the Dungeon
   142 | D:5      | Noticed a necrophage
   146 | D:5      | Found Fuadi's General Store.
   146 | D:5      | Noticed a hound
   147 | D:5      | Noticed a hound
   150 | D:5      | Noticed an iguana
   163 | D:4      | Noticed an iguana
   164 | D:4      | Noticed a scorpion
   177 | D:4      | Killed a scorpion
   178 | D:4      | Reached skill level 1 in Fighting
   178 | D:4      | Reached skill level 1 in Unarmed Combat
   178 | D:4      | Reached skill level 1 in Evocations
   178 | D:4      | Reached XP level 2. HP: 6/13 MP: 6/6
   178 | D:4      | Reached XP level 3. HP: 7/16 MP: 7/7
   206 | D:4      | Reached XP level 4. HP: 9/19 MP: 8/8
   240 | D:4      | Found Gixuuw's Armour Shop.
   285 | D:4      | Found a glowing drain.
   309 | Sewer    | Entered a sewer
   731 | D:4      | Learned a level 3 spell: Frozen Ramparts
   735 | D:4      | Learned a level 3 spell: Ozocubu's Armour
   826 | D:5      | Reached XP level 5. HP: 14/23 MP: 9/9
   844 | D:6      | Noticed an orc warrior
   845 | D:6      | Found a runed translucent gate.
   882 | D:6      | Noticed a wyvern
   902 | D:6      | Killed a wyvern
   903 | D:6      | Gained mutation: You are covered in thick fur. (AC +2)
                  | [Felid growth]
   903 | D:6      | Reached XP level 6. HP: 16/28 MP: 10/10
   929 | D:6      | Killed an orc warrior
   975 | D:6      | Found a hide-covered altar of Uskayaw.
   982 | D:6      | Noticed a sky beast
  1016 | D:5      | Found a hazy altar of Hepliaklqana.
  1016 | D:5      | Found a white marble altar of Elyvilon.
  1035 | D:5      | Found Yrphedd Afots's Weapon Emporium.
  1086 | D:5      | Bought a potion of curing for 39 gold pieces
  1178 | D:5      | Reached XP level 7. HP: 14/31 MP: 3/11
  1380 | D:6      | Found a staircase to the Ecumenical Temple.
  1385 | Temple   | Entered the Ecumenical Temple
  1397 | Temple   | Became a worshipper of Cheibriados the Contemplative
  1417 | D:6      | Reached skill level 5 in Ice Magic
  1472 | D:7      | Found a blossoming altar of Fedhas.
  1652 | D:8      | Reached XP level 8. HP: 18/36 MP: 9/15
  1754 | D:9      | Reached * piety under Cheibriados
  1816 | D:7      | Reached skill level 5 in Fighting
  1816 | D:7      | Reached skill level 5 in Dodging
  1816 | D:7      | Reached skill level 5 in Stealth
  1816 | D:7      | Reached skill level 5 in Unarmed Combat
  1833 | D:7      | Found Ded Yrraq's Weapon Emporium.
  1839 | D:7      | Found a flagged portal.
  1897 | D:7      | Noticed Dowan
  1902 | D:7      | Noticed Duvessa
  1905 | D:7      | Killed Dowan
  1905 | D:7      | Killed Duvessa
  1905 | D:7      | Killed by an exploding Duvessa... ignited by their inner
                  | flame
  1906 | D:7      | Reached XP level 7. HP: -27/33 MP: 7/14
  1919 | D:7      | Noticed Pikel
  1927 | D:7      | Noticed Prince Ribbit
  1931 | D:7      | Killed Pikel
  1932 | D:7      | Reached XP level 8. HP: 21/38 MP: 8/15
  1942 | D:7      | Killed Prince Ribbit
  1963 | Bailey   | Entered a bailey
  1987 | Bailey   | Mangled by a gnoll
  1988 | Bailey   | Reached XP level 7. HP: -6/34 MP: 2/14
  2074 | Bailey   | Reached XP level 8. HP: 26/39 MP: 4/15
  2252 | Bailey   | Reached ** piety under Cheibriados
  2789 | Bailey   | Slain by a gnoll sergeant

Illustrated notes

Levels and vault maps discovered:
D:1:      dpeg_arrival_snail, layout_basic,
          shapermc_ecumenical_altar_mp_ritualfount,
          minmay_misc_feat_four_crosses, minivault_26, grunt_decor_junction,
          hex_medium, minmay_tromino_v4_c
D:2:      layout_rooms, minmay_quantized
D:3:      layout_loops_ring
D:4:      layout_cave_pods, serial_shops, shop_fountains,
          nicolae_shop_waterfront, kennysheep_little_box, portal_sewer_entry_f
D:5:      layout_basic, gammafunk_temple_overflow_elements,
          nicolae_qazlal_scattered_showers, serial_shops, kennysheep_mini,
          nicolae_shop_statue_plus, shop, shop, grunt_ministairs_10,
          minmay_chambers_of_fives
D:6:      layout_loops_ring, eat_drink_and_be_merry_uskayaw,
          minmay_temple_entry_butterflies, ebering_ghost_rock_garden
D:7:      layout_basic, old_standard_altar, enter_bailey_8, serial_shops, shop,
          uniq_prince_ribbit1, uniq_pikel, uniq_duvessa
D:8:      layout_rooms, serial_shops, nicolae_shop_crystal,
          chequers_serial_rivers_micro_b
D:9:      layout_long_grid, dpeg_oklobed_lair, serial_shops, shop
Temple:   minmay_freezing_vapour_temple
Bailey:   bailey_polearm_gnolls_kennysheep, bailey

Skill      XL: |  1  2  3  4  5  6  7  8 |
---------------+-------------------------+-----
Fighting       | 1 2 3 4 6 |  6.9
Dodging        | 3 4 6 |  6.6
Stealth        | 3 4 6 |  6.8
Unarmed Combat | 1 2 3 4 6 |  6.9
Evocations     | 1 2 |  2.0
Ice Magic      | 4 5 |  5.0
Spellcasting   | 4 |  4.0

Action                   |  1- 3 |  4- 6 |  7- 9 || total
-------------------------+-------+-------+-------++-------
Melee: Unarmed           |    19 |    65 |   190 ||   274
       Bite              |     3 |     8 |    23 ||    34
       Punch             |       |     2 |     3 ||     5
 Cast: Freeze            |     2 |    34 |    33 ||    69
       Ozocubu's Armour  |       |     2 |    38 ||    40
       Frozen Ramparts   |       |     1 |    23 ||    24
Evoke: Wand              |     2 |     8 |    10 ||    20
  Use: Potion            |     2 |     3 |    15 ||    20
       Scroll            |     1 |     3 |     9 ||    13
 Stab: Paralysed         |     5 |     7 |       ||    12
       Sleeping          |       |     4 |     6 ||    10
Armor: Skin              |     1 |    12 |    23 ||    36
Dodge: Dodged            |    17 |    78 |   205 ||   300

Table legend: (Time is in decaauts)
 A = Elapsed time spent in this place.
 B = Non-inter-level travel time spent in this place.
 C = Inter-level travel time spent in this place.
 D = Time resting spent in this place.
 E = Time spent auto-exploring this place.
 F = Levels seen in this place.
 G = Mean time per level.
                   A        B        C        D        E       F      G
               +--------+--------+--------+--------+--------+-----+--------+
         Total |   2907 |   2904 |      3 |     13 |      0 |  12 |  242.2 |
       Dungeon |   1452 |   1449 |      3 |     13 |      0 |   9 |  161.3 |
        Temple |     18 |     18 |      0 |      0 |      0 |   1 |   18.0 |
         Sewer |    471 |    471 |      0 |      0 |      0 |   1 |  471.0 |
        Bailey |    966 |    966 |      0 |      0 |      0 |   1 |  966.0 |
               +--------+--------+--------+--------+--------+-----+--------+

Top non-repeatable levels by time:
  Bailey: 966 daAuts
   Sewer: 471 daAuts
     D:7: 463 daAuts
     D:6: 234 daAuts
     D:5: 233 daAuts
     D:4: 222 daAuts
     D:8: 119 daAuts
     D:9: 65 daAuts
     D:3: 58 daAuts
     D:1: 41 daAuts
  Temple: 18 daAuts
     D:2: 13 daAuts
